 Dungeon Crawl Stone Soup version 0.28.0-47-ge53b351184 (webtiles) character file.

Game seed: 4990133539602113431

17404 Kniotic the Unseen (level 12, -2/70 HPs)
             Began as an Octopode Brigand on Apr 6, 2022.
             Was an Initiate of Gozag.
             Slain by a four-headed hydra (13 damage)
             ... on level 3 of the Lair of Beasts on May 8, 2022.
             The game lasted 00:47:33 (17718 turns).

Kniotic the Unseen (Octopode Brigand)              Turns: 17718, Time: 00:47:33

Health: -2/70      AC:  1    Str: 10    XL:     12   Next: 47%
Magic:  10/12      EV: 24    Int: 13    God:    Gozag
Gold:   1113       SH:  0    Dex: 19    Spells: 8/11 levels left

rFire   . . .      SeeInvis .   j - +0 dagger (drain)
rCold   . . .      Faith    .   (no shield)
rNeg    + . .      Spirit   .   (helmet restricted)
rPois   +          Reflect  .   (no amulet)
rElec   +          Harm     .   f - +4 ring of evasion
rCorr   .          Rampage  .   y - ring of poison resistance
Will    +....                   z - ring of positive energy
Stlth   ++++++++..              A - ring of wizardry
HPRegen 0.21/turn               h - ring of flight
MPRegen 0.13/turn               I - ring "Reas" {Wiz rElec}
                                J - ring of willpower
                                (no ring)

@: gold aura, flying, studying Dodging
A: almost no armour, amphibious, 8 rings, camouflage 1, gelatinous body 1,
(nimble swimmer 1), tentacles, no potion heal 1
a: Renounce Religion, Potion Petition, Call Merchant, Bribe Branch


You were on level 3 of the Lair of Beasts.
You worshipped Gozag.
Gozag was most pleased with you.
You visited 2 branches of the dungeon, and saw 13 of its levels.
You also visited: Bailey.

You collected 2961 gold pieces.
You spent 990 gold pieces at shops.
You paid 858 gold pieces to Gozag.

Inventory:

Hand Weapons
 a - a +2 dagger of venom
 j - a +0 dagger of draining (weapon)
 F - a +2 dagger of distortion
Missiles
 b - 47 poisoned darts (quivered)
 G - a throwing net
Jewellery
 f - a +4 ring of evasion (left tentacle)
 h - a ring of flight (on tentacle)
 r - the ring "Qeqyuzaawu" {*Slow rPois rC++ Will+ MP+9}
   (You bought it in a shop on level 9 of the Dungeon)

   [ring of magical power]

   rC:        It greatly protects you from cold.
   rPois:     It protects you from poison.
   MP:        It affects your magic capacity (+9).
   *Slow:     It may slow you when you take damage.
   Will:      It increases your willpower.
 y - a ring of poison resistance (right tentacle)
 z - a ring of positive energy (on tentacle)
 A - a ring of wizardry (on tentacle)
 I - the ring "Reas" (on tentacle) {Wiz rElec}
   (You bought it in a shop on level 9 of the Dungeon)

   [ring of wizardry]

   It improves your spell success rate.
   rElec:     It insulates you from electricity.
 J - a ring of willpower (on tentacle)
Wands
 n - a wand of polymorph (7)
 p - a wand of iceblast (4)
 B - a wand of acid (3)
 C - a wand of mindburst (15)
 D - a wand of digging (8)
 H - a wand of flame (6)
Scrolls
 g - a scroll of amnesia {unknown}
 i - a scroll of fog
 k - a scroll of teleportation
 l - 2 scrolls of enchant armour
 m - a scroll of summoning
 o - 4 scrolls of fear
 q - 3 scrolls of identify
 t - a scroll of immolation
 v - a scroll of noise {unknown}
 w - 3 scrolls of torment
 x - 2 scrolls of brand weapon
 K - a scroll of vulnerability {unknown}
Potions
 d - 2 potions of might
 e - 2 potions of curing
 s - a potion of flight
 u - 2 potions of magic
 E - a potion of brilliance {unknown}


   Skills:
 - Level 2.0 Fighting
 - Level 11.6 Short Blades
 - Level 6.5(6.7) Slings
 - Level 2.0(4.5) Throwing
 + Level 10.3 Dodging
 - Level 18.2 Stealth


You had 8 spell levels left.
You knew the following spells:

 Your Spells              Type           Power      Damage    Failure   Level
a - Confusing Touch       Hex            0%         N/A       24%         3

Your spell library contained the following spells:

 Spells                   Type           Power      Damage    Failure   Level
 Magic Dart               Conj           0%         1d3       9%          1
 Slow                     Hex            0%         N/A       9%          1
 Call Imp                 Summ           0%         N/A       13%         2
 Corpse Rot               Necr/Air       0%         N/A       13%         2
 Poisonous Vapours        Pois/Air       0%         N/A       13%         2
 Sublimation of Blood     Necr           0%         N/A       13%         2
 Mephitic Cloud           Conj/Pois/Air  0%         N/A       24%         3
 Ozocubu's Armour         Ice            0%         N/A       24%         3
 Portal Projectile        Hex/Tloc       0%         N/A       24%         3
 Vampiric Draining        Necr           0%         2d6       24%         3
 Leda's Liquefaction      Hex/Erth       0%         N/A       58%         4
 Petrify                  Tmut/Erth      0%         N/A       58%         4
 Blade Hands              Tmut           0%         N/A       88%         5
 Excruciating Wounds      Necr           0%         N/A       88%         5
 Irradiate                Conj/Tmut      0%         3d14      88%         5
 Lee's Rapid Deconstruct  Erth           0%         3d5*      88%         5
 Metabolic Englaciation   Hex/Ice        0%         N/A       88%         5
 Simulacrum               Ice/Necr       0%         N/A       100%        6
 Statue Form              Tmut/Erth      0%         N/A       100%        6


Dungeon Overview and Level Annotations

Branches:
Dungeon (10/15)            Temple (0/1) D:7            Lair (3/6) D:9
 Bailey (visited)
  Swamp: Lair:2-4    Shoals: Lair:2-4     Snake: Lair:2-4    Spider: Lair:2-4
    Orc: D:9-12

Altars:
Ashenzari
Fedhas
Gozag
Nemelex Xobeh
Trog
Wu Jian
Beogh

Shops:
D:4 ((!   D:9 :*

Portals:
Trove: D:10 (give horn of Geryon)

Annotations:
D:5 3 runed translucent doors, Exodus22XD's ghost, amateur HOMo
Lair:1 2 runed translucent doors, 101zpm's ghost, journeyman DjFE


Innate Abilities, Weirdness & Mutations

You cannot wear most types of armour.
You are amphibious.
You can wear up to eight rings at the same time.
Your skin changes colour to match your surroundings (Stealth+).
Your rubbery body absorbs attacks. (AC +1, EV +1)
((You are camouflaged when in or above water. (Stealth+)))
You have tentacles for arms and can constrict up to eight enemies at once.
Potions are less effective at restoring your health.


Message History

The iceblast engulfs the four-headed hydra!
The four-headed hydra is moderately wounded.
The four-headed hydra roars!
You hear a loud, deep croak!
You hit the four-headed hydra but do no damage.
The four-headed hydra is moderately wounded.
You hit the four-headed hydra but do no damage.
You squeeze the four-headed hydra!
The four-headed hydra is moderately wounded.
The four-headed hydra misses you. x2; The four-headed hydra bites you!
The four-headed hydra completely misses you.
You hit the four-headed hydra but do no damage.
You squeeze the four-headed hydra.
The four-headed hydra is moderately wounded.
You hit the four-headed hydra but do no damage.
You squeeze the four-headed hydra!
The four-headed hydra is heavily wounded.
The four-headed hydra closely misses you.
The four-headed hydra bites you.
The four-headed hydra barely misses you.
The four-headed hydra bites you!
You hit the four-headed hydra but do no damage.
You squeeze the four-headed hydra.
The four-headed hydra is heavily wounded.
You hit the four-headed hydra but do no damage.
The four-headed hydra is heavily wounded.
The four-headed hydra completely misses you.
The four-headed hydra bites you. The four-headed hydra bites you!
The four-headed hydra bites you.
You hit the four-headed hydra but do no damage.
The four-headed hydra is heavily wounded.
Your tentacles stop glowing.
You barely miss the four-headed hydra.
The four-headed hydra is heavily wounded.
The four-headed hydra closely misses you.
The four-headed hydra bites you but does no damage.
The four-headed hydra bites you!
* * * LOW HITPOINT WARNING * * *
The four-headed hydra bites you!
You die...
Your body crumbles into a pile of gold.

.... #... . $ P.. .! # ####..#
..# ##.#.....#...# #
............#
##.....#...P.#........#
P..........!.##D@...#
.....#.................# .#..
........P..Y....##. #....
..................
....##.............#### .
#.....####.##.#..# ## ##...Y.#
...##...#
#.....####.####..#####
.#...#$#.#..##.#......#########


You could see a four-headed hydra and an elephant.

Vanquished Creatures
  2 two-headed ogres (D:9)
  An orc sorcerer (Bailey)
  2 elephants
  2 black mambas
  A gargoyle (D:10)
  Psyche (D:8)
  3 cane toads
  A rime drake (Lair:1)
  A komodo dragon (Lair:1)
  A tarantella (shapeshifter) (D:9)
  Sigmund (D:2)
  Grum (D:8)
  A steam dragon (D:9)
  33 yaks
  An acid dragon (D:9)
  Duvessa (D:7)
  6 water moccasins
  9 orc warriors
  A sky beast (D:7)
  2 black bears
  2 necrophages
  9 wolves
  2 centaurs (D:6)
  2 ogres (D:5)
  2 kobold brigands
  2 scorpions
  7 bullfrogs
  A water moccasin zombie (D:6)
  Dowan (D:7)
  2 water moccasin skeletons (D:5)
  5 wights (D:8)
  10 howler monkeys
  6 electric eels (Bailey)
  A hound (D:6)
  3 orc priests
  A gnoll shaman (D:9)
  A bullfrog skeleton (D:6)
  Jessica (D:2)
  2 iguanas
  6 orc wizards
  3 hound skeletons
  9 gnolls
  7 adders
  A howler monkey skeleton (D:7)
  A worm (D:3)
  3 dart slugs
  21 orcs
  7 endoplasms
  5 giant cockroaches
  18 hobgoblins
  2 jackals (D:4)
  2 quokkas
  12 ball pythons
  A bat (D:3)
  6 frilled lizards
  11 goblins
  17 kobolds
  4 rats
267 creatures vanquished.

Vanquished Creatures (others)
  19 fungi
  21 plants
40 creatures vanquished.

Grand Total: 307 creatures vanquished

Notes
Turn   | Place    | Note
-------+----------+-------------------------------------------
     0 | D:1      | Kniotic the Octopode Brigand began the quest for the Orb.
     0 | D:1      | Reached XP level 1. HP: 14/14 MP: 1/1
   130 | D:1      | Reached XP level 2. HP: 8/19 MP: 2/2
   736 | D:1      | Reached XP level 3. HP: 24/24 MP: 3/3
  1490 | D:2      | Reached skill level 6 in Stealth
  1502 | D:2      | Noticed Jessica
  1507 | D:2      | Killed Jessica
  1508 | D:2      | Reached XP level 4. HP: 29/29 MP: 4/4
  1763 | D:2      | Noticed Sigmund
  1764 | D:2      | Upgraded the game from 0.28.0-45-g0d030f2227 to
                  | 0.28.0-47-ge53b351184
  1774 | D:2      | Killed Sigmund
  1775 | D:2      | Reached skill level 5 in Short Blades
  1775 | D:2      | Reached skill level 7 in Stealth
  1775 | D:2      | Reached XP level 5. HP: 34/34 MP: 5/5
  1775 | D:2      | Reached XP level 6. HP: 39/39 MP: 6/6
  2396 | D:3      | Found an ornate altar of the Wu Jian Council.
  3456 | D:4      | Found Aheno's Distillery.
  3458 | D:4      | Found Kyser's Antique Weapon Shoppe.
  3460 | D:4      | Found Serchi's Antique Weapon Emporium.
  3480 | D:4      | Bought a potion of curing for 42 gold pieces
  3971 | D:5      | Entered Level 5 of the Dungeon
  4113 | D:5      | Reached skill level 8 in Stealth
  4113 | D:5      | Reached XP level 7. HP: 32/45 MP: 7/7
  4306 | D:5      | Reached skill level 9 in Stealth
  4769 | D:5      | Found a runed translucent gate.
  4770 | D:5      | Found a runed translucent gate.
  4770 | D:5      | Identified the +6 whip "Cicoelaj" {vorpal, rCorr}
  4770 | D:5      | Identified the +0 scale mail of the Ecumenical Temple
                  | {Str+3 Dex+4}
  4772 | D:5      | Found a runed translucent gate.
  4777 | D:5      | Noticed Exodus22XD's ghost (amateur HOMo)
  5246 | D:6      | Found an opulent altar of Gozag.
  5267 | D:5      | Reached skill level 10 in Stealth
  5267 | D:5      | Reached XP level 8. HP: 30/50 MP: 8/8
  5432 | D:6      | Became a worshipper of Gozag Ym Sagoz the Greedy
  5763 | D:6      | Reached skill level 11 in Stealth
  5980 | D:6      | Reached skill level 5 in Dodging
  6504 | D:5      | Reached skill level 12 in Stealth
  6705 | D:6      | Reached skill level 13 in Stealth
  6705 | D:6      | Reached XP level 9. HP: 22/54 MP: 9/9
  6722 | D:5      | Reached XP level 10. HP: 23/60 MP: 10/10
  7179 | D:7      | Found a staircase to the Ecumenical Temple.
  7244 | D:7      | Found a flagged portal.
  7250 | Bailey   | Entered a bailey
  7545 | Bailey   | Reached skill level 14 in Stealth
  8117 | Bailey   | Found an iron altar of Okawaru.
  8117 | Bailey   | Noticed an orc sorcerer
  8117 | Bailey   | Noticed an orc sorcerer
  8120 | Bailey   | Noticed a rust devil
  8137 | Bailey   | Paralysed by an orc sorcerer for 5 turns
  8160 | Bailey   | Gained mutation: Potions are less effective at restoring
                  | your health. [a neqoxec]
  8388 | Bailey   | Killed an orc sorcerer
  8529 | D:7      | Found a broken altar of Ashenzari.
  8652 | D:7      | Found a bloodstained altar of Trog.
  8758 | D:7      | Noticed Duvessa
  8762 | D:7      | Noticed Dowan
  8770 | D:7      | Killed Duvessa
  8784 | D:7      | Killed Dowan
  9266 | D:8      | Identified the +2 plate armour of Servitude {Int+2}
  9386 | D:8      | Noticed Psyche
  9424 | D:8      | Killed Psyche
  9425 | D:8      | Reached skill level 15 in Stealth
  9642 | D:8      | Noticed Grum
  9685 | D:8      | Killed Grum
 10683 | D:9      | Noticed a two-headed ogre
 10699 | D:9      | Killed a two-headed ogre
 10700 | D:9      | Reached XP level 11. HP: 64/64 MP: 11/11
 10792 | D:9      | Found Riukud's Book Shoppe.
 10802 | D:9      | Bought a book of Debilitation for 300 gold pieces
 10806 | D:9      | Learned a level 3 spell: Confusing Touch
 10842 | D:9      | Found a staircase to the Lair.
 10879 | D:9      | Found a sparkling altar of Nemelex Xobeh.
 10879 | D:9      | Found a blossoming altar of Fedhas.
 11358 | D:9      | Reached skill level 10 in Dodging
 11649 | D:9      | Noticed a two-headed ogre
 11662 | D:9      | Killed a two-headed ogre
 11663 | D:9      | Reached skill level 16 in Stealth
 12276 | D:10     | Entered Level 10 of the Dungeon
 12298 | D:10     | Found a portal to a secret trove of treasure.
 12580 | Lair:1   | Entered Level 1 of the Lair of Beasts
 12592 | Lair:1   | Reached skill level 10 in Short Blades
 12612 | Lair:1   | Noticed a six-headed hydra
 12912 | D:9      | Acquired 1017 gold pieces
 12913 | D:9      | Acquired a manual of Dodging
 12925 | D:9      | Bought a brightly glowing lapis lazuli ring for 180 gold
                  | pieces
 12925 | D:9      | Identified the ring "Qeqyuzaawu" {*Slow rPois rC++ Will+
                  | MP+9} (You bought it in a shop on level 9 of the Dungeon)
 12925 | D:9      | Bought a bound lead ring for 180 gold pieces
 12925 | D:9      | Identified the ring "Reas" {Wiz rElec} (You bought it in a
                  | shop on level 9 of the Dungeon)
 12925 | D:9      | Bought an ivory ring for 180 gold pieces
 13129 | D:9      | Bought a scroll labelled GYCETA KARCHECO for 36 gold pieces
 13129 | D:9      | Bought a scroll labelled LYZAUTE EMISS for 36 gold pieces
 13129 | D:9      | Bought a scroll labelled QOUDOOCZAY for 36 gold pieces
 13453 | Lair:1   | Found a large runed translucent door.
 13453 | Lair:1   | Found a large runed translucent door.
 13455 | Lair:1   | Noticed 101zpm's ghost (journeyman DjFE)
 14313 | Lair:2   | Reached skill level 17 in Stealth
 14635 | Lair:2   | Reached XP level 12. HP: 54/70 MP: 12/12
 16446 | Lair:1   | Reached skill level 18 in Stealth
 16816 | Lair:3   | Noticed a four-headed hydra
 17718 | Lair:3   | Slain by a four-headed hydra

Illustrated notes

Levels and vault maps discovered:
D:1:      ncdulo_halloftheorcs, layout_basic, serial_forest,
          infiniplex_forest_clump_large, infiniplex_forest_straight_3,
          infiniplex_forest_zigzag_1, infiniplex_forest_end_3,
          infiniplex_forest_zigzag_1, infiniplex_forest_clump_tiny,
          infiniplex_forest_straight_2, nrook_campfire
D:2:      layout_rooms, uniq_sigmund, uniq_jessica
D:3:      layout_basic, nicolae_wu_jian_immortal_techniques,
          minmay_misc_feat_plants
D:4:      nicolae_cairo_tiling_large_dashed, layout_cave_pools,
          wad_floor_pattern_untrapped, nicolae_wooded_promenade, minivault_4,
          minmay_crossroads
D:5:      layout_loops_corners, biasface_ghost_orc_armoury,
          nicolae_elevator_lobby_plus
D:6:      layout_gridville, nicolae_gozag_seed_capital
D:7:      layout_loops_ring, mainiacjoe_overflow_six_doors_small,
          mainiacjoe_overflow_alcove_2, minmay_temple_entry_mini_moons,
          enter_bailey_2, uniq_duvessa
D:8:      layout_loops_ring, uniq_grum, uniq_psyche
D:9:      layout_roguey, chequers_temple_overflow_statue_of_worship,
          dpeg_oklobed_lair, serial_shops, nicolae_shop_stone, hex_large,
          grunt_ministairs_13
D:10:     layout_irregular_city, nicolae_trove_entry_crystal
Lair:1:   layout_loops_ring, ebering_ghost_disaster_area
Lair:2:   layout_regular_city
Lair:3:   layout_loops_ring, gammafunk_ghost_berserking_beasts

Skill      XL: |  1  2  3  4  5  6  7  8  9 10 11 12 |
---------------+-------------------------------------+-----
Short Blades   | 3 5 6 9 10 11 | 11.6
Stealth        | 6 7 8 10 13 15 17 18 | 18.2
Dodging        | 2 7 9 10 | 10.3
Slings         | 6 |  6.5
Fighting       | |  2.0
Throwing       | |  2.0

Action                   |  1- 3 |  4- 6 |  7- 9 | 10-12 || total
-------------------------+-------+-------+-------+-------++-------
Melee: Dagger            |    68 |    63 |   139 |   745 ||  1015
       Constrict         |    15 |    11 |    24 |    72 ||   122
       Tentacles         |    10 |    16 |    44 |   242 ||   312
       Punch             |       |       |     2 |    15 ||    17
Throw: Dart              |       |     9 |     3 |     9 ||    21
 Cast: Confusing Touch   |       |       |       |     6 ||     6
Invok: Call Merchant     |       |       |       |     1 ||     1
Evoke: Wand              |       |       |       |    18 ||    18
  Use: Scroll            |       |     2 |     3 |    15 ||    20
       Potion            |       |       |     3 |     8 ||    11
 Stab: Sleeping          |    15 |    16 |     3 |    39 ||    73
       Distracted        |       |     1 |       |     6 ||     7
       Paralysed         |       |       |       |     1 ||     1
       Confused          |       |       |       |     3 ||     3
Armor: Skin              |     1 |       |     5 |    11 ||    17
Dodge: Dodged            |    21 |    30 |   103 |   373 ||   527
